 Dungeon Crawl Stone Soup version 0.26.1-2-gb8aa6d0cf2 (webtiles) character file.

Game seed: 1986031628322166750

541 MalarOregon the Slasher (level 7, -4/45 HPs)
             Began as a Halfling Warper on Mar 28, 2021.
             Slain by Pikel
             ... wielding a +2 whip of electrocution
              (20 damage)
             ... on level 4 of the Dungeon.
             The game lasted 00:11:59 (6771 turns).

MalarOregon the Slasher (Halfling Warper)           Turns: 6771, Time: 00:12:00

Health: -4/45      AC:  7    Str: 13    XL:     7   Next: 52%
Magic:  10/10      EV: 10    Int: 12    God:
Gold:   79         SH:  7    Dex: 14    Spells: 8/10 levels left

rFire    . . .     SeeInvis .   a - +1 falchion (holy)
rCold    . . .     Faith    .   u - +0 kite shield
rNeg     . . .     Spirit   .   l - +0 scale mail
rPois    .         Reflect  .   w - +0 helmet
rElec    .         Harm     .   (no cloak)
rCorr    .         Rampage  .   (no gloves)
Will     .....     Rnd*Rage +   (no boots)
Stlth    ..........             (no amulet)
HPRegen  0.15/turn              (no ring)
MPRegen  0.12/turn              (no ring)

@: no status effects
A: small, berserk 1, mutation resistance 1
a: no special abilities


You were on level 4 of the Dungeon.
You visited 1 branch of the dungeon, and saw 4 of its levels.

You collected 79 gold pieces.

Inventory:

Hand Weapons
 a - a +1 falchion of holy wrath (weapon)
   (You took it off an orc on level 3 of the Dungeon)
Missiles
 e - 2 poisoned darts (quivered)
 h - 5 boomerangs of dispersal {!f}
 i - a throwing net {!f}
 q - 10 boomerangs
Armour
 l - a +0 scale mail (worn)
   (You found it on level 1 of the Dungeon)
 u - a +0 kite shield (worn)
   (You found it on level 4 of the Dungeon)
 w - a +0 helmet (worn)
   (You found it on level 4 of the Dungeon)
Wands
 d - a wand of iceblast (1)
   (You found it on level 2 of the Dungeon)
 v - a wand of digging (5)
   (You found it on level 3 of the Dungeon)
Scrolls
 b - a scroll of enchant weapon {unknown}
 c - a scroll of identify {@r1}
 f - 2 scrolls of fear {unknown}
 g - a scroll of noise {unknown}
 j - a scroll of teleportation {@r4}
 k - 3 scrolls of remove curse {@r2}
 n - a scroll of blinking
 o - 2 scrolls of amnesia {unknown}
 p - a scroll of immolation {unknown}
 r - a scroll of enchant armour {unknown}
 s - a scroll of magic mapping {unknown}
Potions
 m - a potion of might
 t - a potion of flight {unknown}


   Skills:
 + Level 2.8 Fighting
 * Level 4.5 Long Blades
 + Level 2.6 Throwing
 + Level 2.8 Armour
 + Level 3.4 Dodging
 + Level 0.0 Shields
 + Level 2.4 Spellcasting
 + Level 4.2 Translocations


You had 8 spell levels left.
You knew the following spells:

 Your Spells              Type           Power        Failure   Level
b - Blink                 Tloc           N/A          91%         2

Your spell library contained the following spells:

 Spells                   Type           Power        Failure   Level
 Gell's Gravitas          Tloc           5%           99%         3
 Lesser Beckoning         Tloc           5%           99%         3
 Teleport Other           Tloc           11%          99%         3
 Passage of Golubria      Tloc           N/A          100%        4


Dungeon Overview and Level Annotations

Branches:
Dungeon (4/15)
 Temple: D:4-7

Altars:
Uskayaw
Wu Jian

Annotations:
D:4 Pikel


Innate Abilities, Weirdness & Mutations

You are small and have problems with some larger weapons.
You are somewhat resistant to further mutation.
You tend to lose your temper in combat.


Message History

Pikel hits you but does no damage.
There is an escape hatch in the ceiling, spattered with blood here.
You see here a poisoned dart.
You see here a poisoned dart.
You see here a poisoned dart.
Pikel says, "I just want to get paid!"
Pikel looks more healthy.
Throw: 8 darts (poison)
Aim: Pikel, wielding a +2 whip of electrocution and wearing a +0 robe (severely wounded, 53% to hit)
You throw a poisoned dart. The poisoned dart barely misses Pikel.
Pikel hits you but does no damage.
Throw: 7 darts (poison)
Aim: Pikel, wielding a +2 whip of electrocution and wearing a +0 robe (severely wounded, 51% to hit)
You throw a poisoned dart. The poisoned dart barely misses Pikel.
The poisoned dart hits the lemure.
The lemure is poisoned.
Pikel hits you with a +2 whip of electrocution.
* * * LOW HITPOINT WARNING * * *
Pikel hits you but does no damage.
Unknown command.
Throw: 6 darts (poison)
Aim: Pikel, wielding a +2 whip of electrocution and wearing a +0 robe (severely wounded, 53% to hit)
You throw a poisoned dart. The poisoned dart closely misses Pikel.
The poisoned dart closely misses the lemure.
Throw: 5 darts (poison)
Aim: Pikel, wielding a +2 whip of electrocution and wearing a +0 robe (severely wounded, 51% to hit)
You throw a poisoned dart. The poisoned dart hits Pikel.
Pikel hits you but does no damage.
Throw: 4 darts (poison)
Aim: Pikel, wielding a +2 whip of electrocution and wearing a +0 robe (severely wounded, 53% to hit)
You throw a poisoned dart. The poisoned dart hits Pikel.
Pikel is poisoned.
Pikel barely misses you.
Pikel says, "You'll make a fine lemure."
The lemure looks more healthy.
You see here a poisoned dart.
Pikel looks more healthy.
You see here a poisoned dart.
You closely miss Pikel. Pikel hits you but does no damage.
You closely miss Pikel.
Pikel closely misses you. x2; You riposte.
You closely miss Pikel. You hit Pikel but do no damage.
Pikel barely misses you.
You hit Pikel.
Pikel hits you with a +2 whip of electrocution.
* * * LOW HITPOINT WARNING * * *
Throw: 3 darts (poison)
Aim: Pikel, wielding a +2 whip of electrocution and wearing a +0 robe (almost dead, 53% to hit)
You throw a poisoned dart. The poisoned dart hits Pikel.
Pikel is poisoned.
Pikel hits you but does no damage.
You are electrocuted!!
You die...

#...#.### #...#.##.#
#...#.# #.#
#...#.####.####
#...#.....((..#
#...###.......#
#.........#.#.##
#.........#.#..##########
#.........#(#..@K5...(..#
#.........#(##########.##
#.........#(# #.#
#...5.....#<# #5#
#.........#.# #.#
#.5.......#.##########(##
.#.........#.(....((5..(.#
...###.#####.#############
.#.# #.# ###


You could see Pikel (poisoned) and a lemure.

Vanquished Creatures
  A phantom (D:4)
  3 lemures (D:4)
  7 orc wizards
  An orc priest (D:3)
  A worker ant (D:4)
  8 adders
  2 oozes
  5 worms
  4 dart slugs
  4 leopard geckos
  11 orcs (D:3)
  4 ball pythons
  12 bats
  4 giant cockroaches
  7 goblins
  13 hobgoblins
  A jackal (D:3)
  5 kobolds
  2 quokkas (D:3)
  4 frilled lizards
  11 rats
110 creatures vanquished.

Notes
Turn   | Place    | Note
-------+----------+-------------------------------------------
     0 | D:1      | MalarOregon the Halfling Warper began the quest for the
                  | Orb.
     0 | D:1      | Reached XP level 1. HP: 14/14 MP: 3/3
   266 | D:1      | Reached XP level 2. HP: 19/19 MP: 4/4
   553 | D:1      | Reached XP level 3. HP: 24/24 MP: 5/5
  1866 | D:2      | Reached XP level 4. HP: 25/29 MP: 6/6
  2804 | D:2      | Reached XP level 5. HP: 29/34 MP: 7/7
  3034 | D:2      | Found a hide-covered altar of Uskayaw.
  3034 | D:2      | Noticed a +0 hand axe
  3034 | D:2      | Noticed a +0 hand axe
  3684 | D:3      | Reached XP level 6. HP: 40/40 MP: 9/9
  3930 | D:3      | Learned a level 2 spell: Blink
  4738 | D:3      | Reached XP level 7. HP: 22/45 MP: 10/10
  4746 | D:3      | Gained mutation: You tend to lose your temper in combat.
                  | [potion of mutation]
  4750 | D:3      | HP: 2/45 [orc/+0 hand axe (2)]
  5668 | D:3      | Found an ornate altar of the Wu Jian Council.
  6099 | D:4      | Noticed Pikel
  6771 | D:4      | Slain by Pikel

Illustrated notes

Levels and vault maps discovered:
D:1:      minmay_arrival_radiant_lines, layout_basic, hangedman_feature_mirror,
          kennysheep_minor_cross
D:2:      layout_rooms, dancing_weapons_uskayaw, kennysheep_doodads,
          minmay_between
D:3:      minmay_chambers_of_threes, layout_basic, nzn_wu_jian_contemplation
D:4:      layout_basic, uniq_pikel

Skill      XL: |  1  2  3  4  5  6 |
---------------+-------------------+-----
Fighting       | 2 |  2.8
Long Blades    | 3 4 |  4.5
Spellcasting   | 2 |  2.4
Armour         | 2 |  2.8
Throwing       | 2 |  2.6
Dodging        | 3 |  3.4
Translocations | 4 |  4.2

Action                   |  1- 3 |  4- 6 |  7- 9 || total
-------------------------+-------+-------+-------++-------
Melee: Falchion          |    99 |   293 |   125 ||   517
Throw: Dart              |       |     9 |    20 ||    29
 Cast: Blink             |       |     1 |       ||     1
Evoke: Wand              |       |     3 |     1 ||     4
  Use: Scroll            |       |     4 |       ||     4
       Potion            |       |     1 |     3 ||     4
Armor: Leather armour    |    23 |       |       ||    23
       Scale mail        |    11 |   109 |    39 ||   159
       Skin              |       |    16 |       ||    16
Dodge: Dodged            |    86 |   160 |    64 ||   310
Block: Kite shield       |       |       |    15 ||    15
       Rpst.: Falchion   |    29 |    49 |    26 ||   104
